 Dungeon Crawl Stone Soup version 0.20.1-1-g8b1a95d (webtiles) character file.

237 Ladykiller69 the Chopper (level 6, -3/55 HPs)
             Began as a Hill Orc Berserker on July 14, 2017.
             Was a Priest of Trog.
             Slain by a mummy (4 damage)
             ... in an ossuary.
             The game lasted 00:06:33 (2908 turns).

Ladykiller69 the Chopper (Hill Orc Berserker)       Turns: 2908, Time: 00:06:34

Health: -3/55      AC:  2    Str: 22    XL:     6   Next: 6%
Magic:  6/6        EV: 12    Int:  7    God:    Trog [***...]
Gold:   156        SH:  0    Dex: 10    Spells: 5/5 levels left

rFire    . . .     SeeInvis .   a - +0 hand axe
rCold    . . .     Gourm    .   (no shield)
rNeg     . . .     Faith    .   b - +0 animal skin
rPois    .         Spirit   .   (no helmet)
rElec    .         Reflect  .   (no cloak)
rCorr    .         Harm     .   (no gloves)
MR       .....                  (no boots)
Stlth    +.........             (no amulet)
Regen    0.2/turn               (no ring)
MPRegen  0.1/turn               (no ring)

@: berserk cooldown, slowed, very slow
A: no striking features
a: Berserk, Trog's Hand, Burn Spellbooks, Renounce Religion


You were in an ossuary.
You worshipped Trog.
Trog was most pleased with you.
You were not hungry.

You visited 1 branch of the dungeon, and saw 4 of its levels.
You also visited: Ossuary.

You collected 156 gold pieces.

Inventory:

Hand Weapons
 a - a +0 hand axe (weapon)
 y - a +2 quarterstaff of chaos
Missiles
 v - 7 stones (quivered)
Armour
 b - a +0 animal skin (worn)
 m - a +1 helmet
 x - a +2 cloak of magic resistance
Jewellery
 h - an uncursed ring of stealth {unknown}
 t - a +3 ring of strength {unknown}
 w - a +4 amulet of reflection {unknown}
Wands
 n - a wand of random effects (31/48)
 p - a wand of polymorph (8/24)
Scrolls
 f - 3 scrolls of teleportation {unknown}
 j - 4 scrolls of identify {unknown}
 k - a scroll of enchant armour {unknown}
 l - a scroll of remove curse {unknown}
 o - a scroll of fog {unknown}
 q - a scroll of magic mapping {unknown}
 r - a scroll of recharging {unknown}
Potions
 e - 2 potions of degeneration {unknown}
 g - 2 potions of heal wounds {unknown}
 i - a potion of flight {unknown}
 s - 2 potions of haste {unknown}
 u - a potion of invisibility {unknown}
Comestibles
 c - 3 bread rations
 d - 3 chunks of flesh


   Skills:
 + Level 4.8 Fighting
 * Level 6.1 Axes
 + Level 3.7 Armour
 + Level 2.5 Dodging


You had 5 spell levels left.
You didn't know any spells.

Dungeon Overview and Level Annotations

Branches:
Dungeon (4/15)
 Temple: D:4-7

Altars:
Elyvilon
Fedhas
Nemelex Xobeh
Yredelemnul
Zin


Message History

There is a sand-covered staircase here.
The world spins around you as you enter the gateway.
You enter an ossuary! 3 mummies come into view.
Found a gate leading back out of this place.
There is an empty arch of ancient stone here.
You barely miss the mummy. The mummy hits you.
You hit the mummy but do no damage. You hit the mummy.
The mummy closely misses you. The mummy hits you!!
* * * LOW HITPOINT WARNING * * *
The mummy completely misses you.
You hit the mummy.
The mummy is moderately damaged.
You barely miss the mummy. The mummy completely misses you. The mummy hits you!
* * * LOW HITPOINT WARNING * * *
Okay, then.
You closely miss the mummy.
The mummy is moderately damaged.
You hit the mummy. The mummy hits you.
You die...

#####
##...##
#.....#
##.....##
#.......#
#.....M.#
#...∩.MM#
#.....@.#
#...∩...#
#.......#
#.......#
##.....##
+.....+
#.....#
+.....+


You could see 3 mummies.

Vanquished Creatures
  A hound (D:4)
  Crazy Yiuf (D:3)
  An iguana (D:4)
  Robin (D:2)
  5 adders
  An ooze (D:3)
  2 worms (D:2)
  3 dart slugs
  3 leopard geckos
  6 bats
  3 giant cockroaches
  17 goblins
  11 hobgoblins
  8 jackals
  6 kobolds
  A quokka (D:3)
  3 frilled lizards
  9 rats
82 creatures vanquished.

Notes
Turn   | Place    | Note
-------+----------+-------------------------------------------
     0 | D:1      | Ladykiller69 the Hill Orc Berserker began the quest for the Orb.
     0 | D:1      | Reached XP level 1. HP: 19/19 MP: 1/1
   194 | D:1      | Reached XP level 2. HP: 27/27 MP: 2/2
   532 | D:1      | Reached XP level 3. HP: 28/33 MP: 3/3
   838 | D:2      | Reached ** piety under Trog
  1085 | D:2      | Found a glowing silver altar of Zin.
  1129 | D:2      | Noticed Robin
  1134 | D:2      | Killed Robin
  1134 | D:2      | Reached XP level 4. HP: 39/40 MP: 4/4
  1269 | D:2      | Found a faded altar of an unknown god.
  1359 | D:2      | Found a sparkling altar of Nemelex Xobeh.
  1370 | D:2      | Reached skill level 5 in Axes
  1747 | D:2      | Found a basalt altar of Yredelemnul.
  1811 | D:2      | Found a white marble altar of Elyvilon.
  2054 | D:3      | Reached XP level 5. HP: 30/47 MP: 5/5
  2100 | D:3      | Reached *** piety under Trog
  2146 | D:3      | Found a blossoming altar of Fedhas.
  2295 | D:3      | Found a runed door.
  2657 | D:3      | Noticed Crazy Yiuf
  2664 | D:3      | Killed Crazy Yiuf
  2876 | D:4      | Found a sand-covered staircase.
  2891 | D:4      | Reached skill level 6 in Axes
  2891 | D:4      | Reached XP level 6. HP: 55/55 MP: 6/6
  2899 | Ossuary  | Entered an ossuary
  2906 | Ossuary  | HP: 1/55 [mummy (16)]
  2908 | Ossuary  | Slain by a mummy

Skill      XL: |  1  2  3  4  5 |
---------------+----------------+-----
Armour         | 3 |  3.7
Dodging        | 2 |  2.5
Fighting       | 4 |  4.8
Axes           | 5 6 |  6.1

Action                   |  1- 3 |  4- 6 || total
-------------------------+-------+-------++-------
Melee: Hand axe          |   112 |   153 ||   265
Invok: Berserk           |     3 |     4 ||     7
 Stab: Sleeping          |       |     2 ||     2
  Eat: Chunk             |     3 |    10 ||    13
Armor: Animal skin       |    20 |    27 ||    47
Dodge: Dodged            |    76 |   102 ||   178
